 Dungeon Crawl Stone Soup version 0.32-a0-433-g08bcfe7efd (webtiles) character file.

Game seed: 10269790629668017749

657 CougarLife the Digger (level 7, 0/36 HPs)
             Began as a Gargoyle Earth Elementalist on Feb 23, 2024.
             Slain by an orc
             ... wielding a +0 hand axe
              (4 damage)
             ... on level 4 of the Dungeon.
             The game lasted 00:03:53 (3785 turns).

CougarLife the Digger (Gargoyle Earth Elementalist) Turns: 3785, Time: 00:03:53

Health: 0/36       AC: 12    Str: 12    XL:     7   Next: 55%
Magic:  4/13       EV: 16    Int: 17    God:
Gold:   61         SH:  0    Dex: 10    Spells: 11/15 levels left

rFire   . . .        h - +0 dagger
rCold   . . .        (no shield)
rNeg    + . .        l - +0 acid dragon scales
rPois   ∞            p - +0 helmet
rElec   +            q - +0 cloak
rCorr   +            (no gloves)
SInv    .            (no boots)
Will    .....        (no amulet)
Stlth   +            k - +5 ring of evasion
HPRegen 0.26/turn    (no ring)
MPRegen 0.13/turn

%: no passive effects
@: no status effects
A: sickness immunity, AC +4, negative energy resistance 1, electricity
resistance, torment resistance 1, petrification resistance
a: no special abilities


You were on level 4 of the Dungeon.
You visited 1 branch of the dungeon, and saw 4 of its levels.

You collected 229 gold pieces.
You spent 168 gold pieces at shops.

Inventory:

Hand Weapons
 h - a +0 dagger (weapon)
Missiles
 m - a throwing net
Armour
 l - +0 acid dragon scales (worn)
 p - a +0 helmet (worn)
 q - a +0 cloak (worn)
Jewellery
 a - a ring of fire
 k - a +5 ring of evasion (left hand)
Wands
 o - a wand of flame (9)
Scrolls
 d - 3 scrolls of identify
 i - 2 scrolls of teleportation
 j - 3 scrolls of blinking
 n - a scroll of vulnerability
 u - a scroll of amnesia {unknown}
 v - a scroll of noise {unknown}
Potions
 b - a potion of magic
 c - a potion of mutation
 e - 2 potions of might
 f - 3 potions of heal wounds
 g - a potion of curing
 r - a potion of enlightenment
 s - a potion of cancellation
 t - a potion of haste {unknown}


   Skills:
 - Level 1.5 Dodging
 - Level 2.1 Stealth
 + Level 4.6 Spellcasting
 + Level 5.0 Conjurations
 + Level 6.5 Earth Magic


You had 11 spell levels left.
You knew the following spells:

 Your Spells              Type           Power      Damage    Failure   Level
a - Sandblast             Erth           52%        2d12      1%          1
b - Stone Arrow           Conj/Erth      46%        3d9       6%          3

Your spell library contained the following spells:

 Spells                   Type           Power      Damage    Failure   Level
 Passwall                 Erth           26%        N/A       4%          3
 Brom's Barrelling Bould  Conj/Erth      23%        2d4       21%         4
 Petrify                  Alch/Erth      15%        N/A       50%         4
 Ignite Poison            Fire/Alch      3%         N/A       92%         4
 Sticky Flame             Fire/Alch      3%         2d4       92%         4
 Ignition                 Fire           1%         3d3       100%        8


Dungeon Overview and Level Annotations

Branches:
Dungeon (4/15)
 Temple: D:4-7

Altars:
Cheibriados

Shops:
D:4 ?


Innate Abilities, Weirdness & Mutations

You are immune to sickness and miasma.
Your stone body is resilient. (AC +4)
You are immune to poison.
You resist negative energy. (rN+)
You are resistant to electric shocks. (rElec)
You are resistant to unholy torment.
You are immune to petrification.


Message History

Aiming: Sandblast (safe; 1% risk of failure)
Press: ? - help, Shift-Dir - straight line, f - orc
Aim: an orc, wielding a +0 whip, wearing a +0 leather armour and quivering boomerangs (83% to hit)
The blast of sand hits the orc.
You kill the orc!
The orc hits you but does no damage. The orc completely misses you.
The orc hits you but does no damage. The orc hits you with a +0 hand axe.
The orc closely misses you.
Casting: Sandblast (safe; 1% risk of failure)
Confirm with . or Enter, or press ? or * to list all spells.
Aiming: Sandblast (safe; 1% risk of failure)
Press: ? - help, Shift-Dir - straight line, f - orc
Aim: an orc, wielding a +0 flail (83% to hit)
The blast of sand hits the orc!
You kill the orc!
The orc closely misses you. The orc hits you but does no damage. x2
Casting: Sandblast (safe; 1% risk of failure)
Confirm with . or Enter, or press ? or * to list all spells.
Aiming: Sandblast (safe; 1% risk of failure)
Press: ? - help, Shift-Dir - straight line, f - orc
Aim: an orc, wielding a +0 club (83% to hit)
The blast of sand hits the orc!
You kill the orc!
The orc closely misses you. The endoplasm freezes you.
You are frozen.
* * * LOW HITPOINT WARNING * * *
The orc closely misses you.
Casting: Sandblast (safe; 1% risk of failure)
Confirm with . or Enter, or press ? or * to list all spells.
Aiming: Sandblast (safe; 1% risk of failure)
Press: ? - help, Shift-Dir - straight line, f - orc
Aim: an orc, wielding a +0 hand axe and wearing a +0 leather armour (83% to hit)
The blast of sand hits the orc.
The orc is heavily wounded.
The endoplasm freezes you.
You are frozen.
* * * LOW HITPOINT WARNING * * *
The orc hits you with a +0 hand axe.
You die...

............. #...†..
...........[ #......
........... ##...##
.......... #....#.
.........# #....#.
.........# #....#.
.........# #....#.
.......)o# #....'>
.......J@# #....#.
#......).# #....#.
#........###############.
########.................
#.................
#.................
#.................
########.................
#.............#+###......


You could see an orc and an endoplasm.

Vanquished Creatures
  An ogre (D:4)
  6 killer bees (D:4)
  2 howler monkeys (D:4)
  A bombardier beetle (D:4)
  An orc wizard (D:3)
  Robin (D:2)
  3 gnolls
  6 adders
  A dart slug (D:4)
  A ribbon worm (D:2)
  7 orcs
  11 endoplasms
  2 giant cockroaches
  18 goblins
  2 hobgoblins (D:2)
  2 jackals (D:1)
  3 quokkas
  4 ball pythons
  2 bats (D:2)
  3 frilled lizards
  9 kobolds
  5 rats
91 creatures vanquished.

Notes
Turn   | Place    | Note
-------+----------+-------------------------------------------
     0 | D:1      | CougarLife the Gargoyle Earth Elementalist began the quest
                  | for the Orb.
     0 | D:1      | Reached XP level 1. HP: 10/10 MP: 3/3
   207 | D:1      | Reached XP level 2. HP: 15/15 MP: 3/5
   369 | D:1      | Reached skill level 4 in Earth Magic
   856 | D:2      | Reached XP level 3. HP: 8/19 MP: 2/6
   942 | D:3      | Found a faded altar of an unknown god.
  1137 | D:3      | Reached XP level 4. HP: 8/24 MP: 1/8
  1630 | D:2      | Noticed Robin
  1636 | D:2      | Killed Robin
  2140 | D:3      | Reached XP level 5. HP: 28/28 MP: 6/9
  2211 | D:3      | Reached skill level 5 in Earth Magic
  2303 | D:3      | Learned a level 3 spell: Stone Arrow
  2870 | D:4      | Noticed an ogre
  2874 | D:4      | Killed an ogre
  2875 | D:4      | Reached XP level 6. HP: 32/32 MP: 1/11
  3048 | D:4      | Found Atzyen's Magic Scroll Shop.
  3056 | D:4      | Bought 2 scrolls of identify for 56 gold pieces
  3056 | D:4      | Bought a scroll of identify for 28 gold pieces
  3056 | D:4      | Bought a scroll of identify for 28 gold pieces
  3056 | D:4      | Bought 2 scrolls of identify for 56 gold pieces
  3399 | D:4      | Reached skill level 6 in Earth Magic
  3399 | D:4      | Reached XP level 7. HP: 22/36 MP: 6/13
  3714 | D:4      | Found a snail-covered altar of Cheibriados.
  3782 | D:4      | Reached skill level 5 in Conjurations
  3785 | D:4      | Slain by an orc

Illustrated notes

Levels and vault maps discovered:
D:1:      mushboom_english_gardens, layout_basic, nrook_mini_backslash,
          hangedman_abyss_or_decor_lesser_grid, grunt_decor_cap
D:2:      layout_loops_cross, minmay_mini_jars, uniq_robin
D:3:      layout_basic, nicolae_ecumenical_oubliette
D:4:      layout_gridville, chei_slow_surprise, serial_shops, nicolae_shop_trees

Skill      XL: |  1  2  3  4  5  6  7 |
---------------+----------------------+-----
Earth Magic    | 4 5 6 |  6.5
Conjurations   | 2 3 4 5 |  5.0
Spellcasting   | 3 4 |  4.6
Dodging        | |  1.5
Stealth        | |  2.1

Action                     |  1- 3 |  4- 6 |  7- 9 || total
---------------------------+-------+-------+-------++-------
  Melee: Dagger            |     8 |    28 |       ||    36
         Unarmed           |     2 |       |       ||     2
   Cast: Sandblast         |    39 |    82 |    17 ||   138
         Stone Arrow       |       |     2 |       ||     2
    Use: Scroll            |       |    10 |       ||    10
   Stab: Sleeping          |     1 |       |       ||     1
 Armour: Robe              |    15 |    25 |       ||    40
         Acid dragon scale |       |    15 |    27 ||    42
  Dodge: Dodged            |    29 |    54 |    33 ||   116

Table legend: (Time is in decaauts)
 A = Elapsed time spent in this place.
 B = Non-inter-level travel time spent in this place.
 C = Inter-level travel time spent in this place.
 D = Time resting spent in this place.
 E = Time spent auto-exploring this place.
 F = Levels seen in this place.
 G = Mean time per level.
                   A        B        C        D        E       F      G
               +--------+--------+--------+--------+--------+-----+--------+
         Total |   3856 |   3757 |     99 |    479 |   2624 |   4 |  964.0 |
       Dungeon |   3856 |   3757 |     99 |    479 |   2624 |   4 |  964.0 |
               +--------+--------+--------+--------+--------+-----+--------+

Top non-repeatable levels by time:
     D:3: 1122 daAuts
     D:2: 1052 daAuts
     D:4: 947 daAuts
     D:1: 733 daAuts
